 Dungeon Crawl Stone Soup version 0.32-a0-120-gfac0567ad4 (webtiles) character file.

Game seed: 18071060519529447198

168 Daunt the Chopper (level 5, -3/45 HPs)
             Began as a Minotaur Chaos Knight on Feb 6, 2024.
             Was a Plaything of Xom.
             Incinerated by a bombardier beetle (4 damage)
             ... with a burning spray
             ... on level 3 of the Dungeon.
             The game lasted 00:05:05 (1299 turns).

Daunt the Chopper (Minotaur Chaos Knight)           Turns: 1299, Time: 00:05:06

Health: -3/45      AC:  5    Str: 19    XL:     5   Next: 24%
Magic:  4/4        EV: 11    Int:  9    God:    Xom [..*...]
Gold:   63         SH:  0    Dex:  9    Spells: 4/4 levels left

rFire   . . .        a - +0 hand axe (chaos)
rCold   . . .        (no shield)
rNeg    . . .        b - +2 leather armour
rPois   .            (helmet restricted)
rElec   .            (no cloak)
rCorr   .            (no gloves)
SInv    .            (no boots)
Will    +....        (no amulet)
Stlth   +            g - ring of willpower
HPRegen 0.27/turn    (no ring)
MPRegen 0.09/turn

%: no passive effects
@: on fire, glowing, invisible (but backlit and visible)
A: horns 2, retaliatory headbutt
a: Renounce Religion


You were on level 3 of the Dungeon.
You worshipped Xom.
You were a toy of Xom.
You visited 1 branch of the dungeon, and saw 3 of its levels.

You collected 63 gold pieces.

Inventory:

Hand Weapons
 a - a +0 hand axe of chaos (weapon)
Missiles
 d - 13 stones (quivered)
Armour
 b - a +2 leather armour (worn)
Jewellery
 g - a ring of willpower (left hand)
Scrolls
 c - a scroll of butterflies
 h - 3 scrolls of identify {unknown}
 j - a scroll of teleportation {unknown}
 k - a scroll of noise {unknown}
 l - a scroll of poison {unknown}
 n - a scroll of enchant armour {unknown}
 p - a scroll of vulnerability {unknown}
Potions
 e - 4 potions of curing
 f - a potion of invisibility
 i - a potion of heal wounds {unknown}
 m - a potion of might {unknown}
 o - 2 potions of lignification {unknown}


   Skills:
 - Level 3.6 Fighting
 + Level 7.2 Axes
 - Level 2.4 Armour
 - Level 1.1 Dodging


You had 4 spell levels left.
You didn't know any spells.
Your spell library was empty.

Dungeon Overview and Level Annotations

Branches:
Dungeon (3/15) Zot: 16708

Altars:

Annotations:
D:2 Robin, Sigmund


Innate Abilities, Weirdness & Mutations

You have a pair of horns on your head.
You reflexively headbutt those who attack you in melee.


Message History

The bombardier beetle sprays incendiary fluid at you.
The burning spray hits you.
You are even more covered in liquid fire!
Unknown command.
Unknown command.
Unknown command.
You hit the bombardier beetle but do no damage.
The bombardier beetle is poisoned.
The bombardier beetle is heavily wounded.
The liquid fire burns you!
* * * LOW HITPOINT WARNING * * *
The bombardier beetle sprays incendiary fluid at you.
The burning spray hits you.
You are even more covered in liquid fire!
Unknown command.
You completely miss the bombardier beetle.
The bombardier beetle is severely wounded.
The liquid fire burns you!
* * * LOW HITPOINT WARNING * * *
It was a potion of curing.
You feel better. The liquid fire burns you!
* * * LOW HITPOINT WARNING * * *
The bombardier beetle barely misses you.
You slash the bombardier beetle!
You kill the bombardier beetle!
The liquid fire burns you!
* * * LOW HITPOINT WARNING * * *
Your Axes skill increases to level 7!
You have reached level 5!
Unknown command.
You shake off some of the fire as you move.
The liquid fire burns you!
* * * LOW HITPOINT WARNING * * *
You shake off some of the fire as you move.
The liquid fire burns you!
* * * LOW HITPOINT WARNING * * *
It was a potion of invisibility.
You become transparent, but the glow from your liquid flames prevents you from becoming completely invisible.
The liquid fire burns you!
You die...

#.#.#.##.#
#.##.###.# # ##
#.# #.# #.# #.#
#.######.#
#..?...#.#####..
######.@........
###.#####.# #...
#####


There were no monsters in sight!

Vanquished Creatures
  A bombardier beetle (D:3)
  Natasha (twice) (D:2)
  A gnoll (D:1)
  2 adders
  4 endoplasms
  2 giant cockroaches
  14 goblins
  8 hobgoblins
  4 jackals (D:2)
  3 ball pythons
  5 bats
  2 frilled lizards (D:1)
  4 kobolds
  4 rats (D:2)
56 creatures vanquished.

Notes
Turn   | Place    | Note
-------+----------+-------------------------------------------
     0 | D:1      | Daunt the Minotaur Chaos Knight began the quest for the
                  | Orb.
     0 | D:1      | Reached XP level 1. HP: 19/19 MP: 0/0
   102 | D:1      | XOM: potion effect (haste)
   106 | D:1      | Reached skill level 4 in Axes
   106 | D:1      | Reached XP level 2. HP: 26/26 MP: 1/1
   113 | D:1      | You fall into a shaft and drop 1 floor!
   119 | D:2      | Noticed Sigmund
   329 | D:1      | XOM: summons 2 hostile shadow creatures
   444 | D:1      | XOM: summons 2 hostile demons
   445 | D:1      | Noticed a crimson imp
   445 | D:1      | Noticed a crimson imp
   465 | D:1      | a crimson imp changed into a white imp
   491 | D:1      | XOM: polymorph gnoll -> bat
   498 | D:1      | Reached skill level 5 in Axes
   551 | D:1      | Reached XP level 3. HP: 19/31 MP: 2/2
   722 | D:1      | XOM: summons 2 hostile demons
   799 | D:2      | Noticed Natasha
   804 | D:2      | XOM: noise
   806 | D:2      | Killed Natasha
   817 | D:2      | Noticed Natasha
   824 | D:2      | Killed Natasha
   825 | D:2      | Reached skill level 6 in Axes
   825 | D:2      | Reached XP level 4. HP: 26/39 MP: 3/3
   878 | D:2      | XOM: noise
  1144 | D:2      | Noticed Robin
  1153 | D:2      | XOM: butterfly on damage
  1297 | D:3      | Reached skill level 7 in Axes
  1297 | D:3      | Reached XP level 5. HP: 5/45 MP: 4/4
  1298 | D:3      | HP: 1/45 [burnt (2)]
  1299 | D:3      | Incinerated by a bombardier beetle

Illustrated notes

Levels and vault maps discovered:
D:1:      minmay_arrival_stone_box, layout_loops_ring
D:2:      layout_rooms, uniq_robin, uniq_natasha, uniq_sigmund
D:3:      layout_loops_ring, evilmike_ruin_ashenzari, okawaru_gym_becter,
          minmay_misc_feat_roman, pf_guarded_unrand_delatra, uniq_jessica

Skill      XL: |  1  2  3  4 |
---------------+-------------+-----
Axes           | 4 5 6 7 |  7.2
Fighting       | |  3.6
Armour         | |  2.4
Dodging        | |  1.1

Action                     |  1- 3 |  4- 6 || total
---------------------------+-------+-------++-------
  Melee: Hand axe          |    98 |    47 ||   145
         Headbutt          |    11 |     5 ||    16
         Punch             |     4 |     2 ||     6
    Use: Potion            |       |     2 ||     2
   Stab: Confused          |     1 |       ||     1
 Armour: Leather armour    |    54 |    29 ||    83
  Dodge: Dodged            |    50 |    26 ||    76

Table legend: (Time is in decaauts)
 A = Elapsed time spent in this place.
 B = Non-inter-level travel time spent in this place.
 C = Inter-level travel time spent in this place.
 D = Time resting spent in this place.
 E = Time spent auto-exploring this place.
 F = Levels seen in this place.
 G = Mean time per level.
                   A        B        C        D        E       F      G
               +--------+--------+--------+--------+--------+-----+--------+
         Total |   1291 |   1192 |     99 |      3 |    793 |   3 |  430.3 |
       Dungeon |   1291 |   1192 |     99 |      3 |    793 |   3 |  430.3 |
               +--------+--------+--------+--------+--------+-----+--------+

Top non-repeatable levels by time:
     D:1: 817 daAuts
     D:2: 404 daAuts
     D:3: 69 daAuts
